 Dungeon Crawl Stone Soup version 0.29.1-1-gd02db6906a (webtiles) character file.

Game seed: 3382385875408375803

5 Juusto44 the Sneak (level 1, 0/9 HPs)
             Began as a Vine Stalker Enchanter on Oct 12, 2022.
             Slain by a quokka (1 damage)
             ... on level 1 of the Dungeon.
             The game lasted 00:00:54 (366 turns).

Juusto44 the Sneak (Vine Stalker Enchanter)          Turns: 366, Time: 00:00:55

Health: 0/9        AC:  2    Str: 10    XL:     1   Next: 80%
Magic:  0/4        EV: 12    Int: 15    God:
Gold:   13         SH:  0    Dex: 14    Spells: 4/4 levels left

rFire   . . .      SeeInvis .   a - +1 dagger
rCold   . . .      Faith    .   (no shield)
rNeg    . . .      Spirit   +   b - +0 robe
rPois   .          Reflect  .   (no helmet)
rElec   .          Harm     .   (no cloak)
rCorr   .          Rampage  .   (no gloves)
Will    .....                   (no boots)
Stlth   ++........              (no amulet)
HPRegen 0.03/turn               (no ring)
MPRegen 0.09/turn               (no ring)

@: no status effects
A: fangs 2, magic shield, antimagic bite, no potion heal 2
a: no special abilities


You were on level 1 of the Dungeon.
You visited 1 branch of the dungeon, and saw 1 of its levels.

You collected 13 gold pieces.

Inventory:

Hand Weapons
 a - a +1 dagger (weapon)
Armour
 b - a +0 robe (worn)
Potions
 c - 2 potions of invisibility
 d - a potion of resistance {unknown}
 e - a potion of attraction {unknown}


   Skills:
 + Level 0.8 Short Blades
 + Level 1.5 Dodging
 - Level 3.6 Stealth
 - Level 2.4 Spellcasting
 - Level 3.2 Hexes


You had 4 spell levels left.
You didn't know any spells.
Your spell library contained the following spells:

 Spells                   Type           Power      Damage    Failure   Level
 Ensorcelled Hibernation  Hex/Ice        12%        N/A       17%         2
 Confusing Touch          Hex            11%        N/A       17%         3
 Tukima's Dance           Hex            11%        N/A       17%         3
 Dazzling Flash           Conj/Hex       12%        N/A       32%         3


Dungeon Overview and Level Annotations

Branches:
Dungeon (1/15)

Altars:


Innate Abilities, Weirdness & Mutations

You have extremely sharp teeth.
When hurt, damage is shared between your health and your magic reserves.
Your bite disrupts and absorbs the magic of your enemies.
Potions cannot restore your health.


Message History

Magic restored.
Found a stone staircase leading down.
A bat comes into view.
A bat is nearby!
A rat comes into view.
A kobold comes into view. It is wielding a +0 whip.
The helpless bat fails to defend itself.
You puncture the bat!
You kill the bat!
You hit the rat.
You kill the rat!
Found a ring mail.
The kobold shouts!
You see here a +0 ring mail.
You hit the kobold. Your bite misses the kobold.
The kobold is heavily wounded.
The kobold closely misses you.
You completely miss the kobold. Your bite misses the kobold.
The kobold is heavily wounded.
The kobold hits you with a +0 whip.
You hit the kobold.
You kill the kobold!
A quokka comes into view.
The quokka bites you.
You barely miss the quokka. Your bite misses the quokka.
The quokka bites you but does no damage.
You barely miss the quokka. Your bite misses the quokka.
The quokka bites you but does no damage.
You barely miss the quokka. You bite the quokka, but do no damage.
The quokka bites you.
You hit the quokka but do no damage. The quokka bites you.
You barely miss the quokka. You bite the quokka. You drain its power.
You feel invigorated.
The quokka is severely wounded.
The quokka bites you.
* * * LOW HITPOINT WARNING * * *
You hit the quokka. Your bite misses the quokka.
The quokka is almost dead.
The quokka bites you.
You die...

##..#####.).[.#...........
#..# #......†..........
#..# #.........#.......
#..# #.........#...>...
#..# ######....#.......
#..# #....+....... #..#
#....##..####
#..##########.#### ..#
#..##...@r....#
#..##.#########
#............
#.###.####### #. #.# #.
... ## #.## #.# #.#


You could see a quokka.

Vanquished Creatures
  A bat (D:1)
  An endoplasm (D:1)
  A kobold (D:1)
  A ball python (D:1)
  A rat (D:1)
5 creatures vanquished.

Notes
Turn   | Place    | Note
-------+----------+-------------------------------------------
     0 | D:1      | Juusto44 the Vine Stalker Enchanter began the quest for the
                  | Orb.
     0 | D:1      | Reached XP level 1. HP: 9/9 MP: 4/4
   366 | D:1      | Slain by a quokka

Illustrated notes

Levels and vault maps discovered:
D:1:      amcnicky_arrival_wind_blow, layout_basic,
          hellmonk_ecumenical_altar_pennies_from_heaven

Action                   || total
-------------------------++-------
Melee: Dagger            ||    16
       Bite              ||     5
 Stab: Sleeping          ||     1
Armor: Robe              ||     2
Dodge: Dodged            ||     3
